 Dungeon Crawl Stone Soup version 0.23.2-40-g277498a001 (webtiles) character file.

Game seed: 13645944589410165467

80 Exodus22XD the Magician (level 4, -2/31 HPs)
             Began as a Mummy Wizard on Sept 11, 2019.
             Slain by an orc
             ... wielding a +0 trident
              (10 damage)
             ... on level 3 of the Dungeon.
             The game lasted 00:05:28 (2304 turns).

Exodus22XD the Magician (Mummy Wizard)              Turns: 2304, Time: 00:05:28

Health: -2/31      AC:  2    Str: 10    XL:     4   Next: 18%
Magic:  0/10       EV: 12    Int: 18    God:
Gold:   88         SH:  0    Dex: 10    Spells: 10/11 levels left

rFire    x . .     SeeInvis .   c - +0 short sword
rCold    + . .     Gourm    .   (no shield)
rNeg     + + +     Faith    .   a - +0 robe
rPois    ∞         Spirit   .   b - +0 hat
rElec    .         Reflect  .   (no cloak)
rCorr    .         Harm     .   (no gloves)
MR       .....                  (no boots)
Stlth    +.........             (no amulet)
HPRegen  0.10/turn              g - ring of attention (curse)
MPRegen  0.12/turn              (no ring)

@: very slightly contaminated
A: no food or potions, fire vulnerability, cold resistance 1, negative energy
resistance 3, torment resistance, unbreathing
a: no special abilities


You were on level 3 of the Dungeon.
You were not hungry.

You visited 1 branch of the dungeon, and saw 3 of its levels.

You collected 88 gold pieces.

Inventory:

Hand Weapons
 c - a +0 short sword (weapon)
Armour
 a - a +0 robe (worn)
 b - a +0 hat (worn)
Jewellery
 g - a cursed ring of attention (left hand)
Scrolls
 d - a scroll of enchant armour {unknown}
 e - 2 scrolls of remove curse {unknown}
 f - a scroll of fear {unknown}
 h - a scroll of teleportation {unknown}
 i - a scroll of immolation {unknown}
 j - a scroll of magic mapping {unknown}


   Skills:
 - Level 0.3 Fighting
 - Level 0.1 Short Blades
 - Level 1.5 Dodging
 - Level 1.5 Stealth
 - Level 4.0 Spellcasting
 * Level 3.2 Conjurations
   Level 0.7 Summonings
   Level 0.7 Translocations


You had 10 spell levels left.
You knew the following spells:

 Your Spells              Type           Power        Failure   Level  Hunger
a - Magic Dart            Conj           ###.         3%          1    N/A

Your spell library contained the following spells:

 Spells                   Type           Power        Failure   Level  Hunger
 Blink                    Tloc           N/A          17%         2    N/A
 Call Imp                 Summ           #.......     17%         2    N/A
 Slow                     Hex            #.......     22%         2    N/A
 Conjure Flame            Conj/Fire      #.......     22%         3    N/A
 Mephitic Cloud           Conj/Pois/Air  #.......     28%         3    N/A

Dungeon Overview and Level Annotations

Branches:
Dungeon (3/15)

Altars:


Innate Abilities, Weirdness & Mutations

You do not eat or drink.
Your flesh is vulnerable to fire.
You are immune to poison.
Your flesh is cold resistant. (rC+)
You are immune to negative energy. (rN+++)
You are immune to unholy pain and torment.
You can survive without breathing.


Message History

The orc is severely wounded.
The orc hits you with a +0 trident.
You closely miss the orc.
The orc is severely wounded.
The orc hits you with a +0 trident.
You barely miss the orc.
The orc is severely wounded.
The orc hits you with a +0 trident.
* * * LOW HITPOINT WARNING * * *
Casting: Magic Dart (safe; 3% risk of failure)
Confirm with . or Enter, or press ? or * to list all spells.
Aiming: Magic Dart (safe; 3% risk of failure)
Press: ? - help, Shift-Dir - straight line, f/p - orc
Aim: an orc, wielding a +0 trident and wearing a +0 chain mail (severely wounded)
The magic dart hits the orc but does no damage.
The orc is severely wounded.
You completely miss the orc.
The orc is severely wounded.
The orc hits you with a +0 trident!
You die...

#......#
#......#
#......#
#......#
#!.....#
######o#
#.# ###
#######.#
#<#
#...)@o.#
#†#
#.#######
#.#####.#
#.......#
#########


You could see an orc.

Vanquished Creatures
  An adder (D:3)
  An ooze (D:1)
  A dart slug (D:3)
  3 leopard geckos
  6 orcs (D:3)
  A ball python (D:3)
  10 bats
  6 goblins
  5 hobgoblins
  2 jackals (D:1)
  6 kobolds
  A quokka (D:3)
  A frilled lizard (D:2)
  8 rats
52 creatures vanquished.

Notes
Turn   | Place    | Note
-------+----------+-------------------------------------------
     0 | D:1      | Exodus22XD the Mummy Wizard began the quest for the Orb.
     0 | D:1      | Reached XP level 1. HP: 13/13 MP: 5/5
    33 | D:1      | Reached skill level 1 in Conjurations
   280 | D:1      | Reached XP level 2. HP: 19/19 MP: 2/7
  1214 | D:1      | Reached XP level 3. HP: 25/25 MP: 4/8
  2134 | D:3      | Reached XP level 4. HP: 24/31 MP: 0/10
  2304 | D:3      | Slain by an orc

Skill      XL: |  1  2  3 |
---------------+----------+-----
Conjurations   | 1 2 3 |  3.2
Fighting       | |  0.3
Short Blades   | |  0.1
Dodging        | |  1.5
Stealth        | |  1.5
Spellcasting   | |  4.0
Summonings     | |  0.7
Translocations | |  0.7

Action                   |  1- 3 |  4- 6 || total
-------------------------+-------+-------++-------
Melee: Short sword       |    33 |    12 ||    45
 Cast: Magic Dart        |   113 |    18 ||   131
Armor: Robe              |     6 |     1 ||     7
Dodge: Dodged            |    40 |     9 ||    49
